[ AOE2 MATCH · #460555997 ]
UnrankedTatars vs Celts
[ REPLAY ANALYSIS · EXTRACTED FROM THE RECORDED GAME ]
Feudal
—
Castle
—
Imperial
—
| APM avg | 18.3 |
| APM peak | 62 |
| eAPM avg | 16.1 |
| Villagers / military | 251 / 402 |
Focus
⚔️ 43.5% · 🌾 56.5%
Unknown (1263) ×495 · Keshik ×402 · Trade Cart ×105
Feudal
—
Castle
—
Imperial
—
| APM avg | 60.6 |
| APM peak | 224 |
| eAPM avg | 59.8 |
| Villagers / military | 140 / 1412 |
Focus
⚔️ 13.6% · 🌾 86.4%
Spearman ×400 · Mangonel ×317 · Knight ×308 · Scorpion ×178 · Scout Cavalry ×160 · Trade Cart ×90
Feudal
—
Castle
—
Imperial
—
| APM avg | 32.3 |
| APM peak | 153 |
| eAPM avg | 30.9 |
| Villagers / military | 133 / 576 |
Focus
⚔️ 59.7% · 🌾 40.3%
War Elephant ×346 · Camel Scout ×160 · Trade Cart ×122 · Bombard Cannon ×70
Feudal
—
Castle
—
Imperial
—
| APM avg | 30.3 |
| APM peak | 107 |
| eAPM avg | 28.0 |
| Villagers / military | 372 / 892 |
Focus
⚔️ 42.3% · 🌾 57.7%
Scorpion ×363 · Ballista Elephant ×201 · Knight ×167 · Battle Elephant ×93 · Trade Cart ×82 · Battering Ram ×26
Feudal
—
Castle
—
Imperial
—
| APM avg | 4.7 |
| APM peak | 14 |
| eAPM avg | 4.3 |
| Villagers / military | 95 / 65 |
Focus
⚔️ 18.4% · 🌾 81.6%
Janissary ×65 · Trade Cart ×54
Feudal
—
Castle
—
Imperial
—
| APM avg | 20.6 |
| APM peak | 82 |
| eAPM avg | 20.1 |
| Villagers / military | 238 / 501 |
Focus
⚔️ 34.6% · 🌾 65.4%
War Elephant ×280 · Trade Cart ×167 · Mangonel ×105 · Bombard Cannon ×70 · Scorpion ×45 · Monk ×1
Feudal
—
Castle
—
Imperial
—
| APM avg | 19.1 |
| APM peak | 101 |
| eAPM avg | 17.9 |
| Villagers / military | 242 / 215 |
Focus
⚔️ 27.2% · 🌾 72.8%
Unknown (1908) ×306 · Iron Pagoda ×215 · Trade Cart ×150
Feudal
—
Castle
—
Imperial
—
| APM avg | 25.9 |
| APM peak | 90 |
| eAPM avg | 22.5 |
| Villagers / military | 166 / 1156 |
Focus
⚔️ 59.5% · 🌾 40.5%
Shotel Warrior ×705 · Archer ×235 · Trade Cart ×147 · Mangonel ×145 · Trebuchet (Packed) ×71
Match map
Initial resources + every placement click. Lines = walls · curves = elevation contours. ◆ gold · ⬟ stone · ● berries · ✦ relic · ◌ wall gap
Your base· ✓ Map-separated
Gameon20166569's base· ✓ Map-separated
BrawnyTerror89's base· ✓ Map-separated
*****Noob9991's base· ✓ Map-separated
CHUTER_96's base· ✓ Map-separated
TheseGuys108's base· ✓ Map-separated
su.li18's base· ✓ Map-separated
Ilyus_Cesar's base· ✓ Map-separated
Smoothed initial terrain · ◌ = detected wall gap · hover for details
Inputs per minute
— BABA YAGA00 - - Gameon20166569
Build order — BABA YAGA00
First 150 of 493 actions detected
| 0:03 | Create | Villager (Male) ×5 |
| 0:04 | Create | Villager (Male) ×5 |
| 0:04 | Create | Villager (Male) ×5 |
| 0:04 | Create | Villager (Male) ×5 |
| 0:05 | Create | Villager (Male) ×5 |
| 0:10 | Build | House |
| 0:11 | Build | House |
| 0:11 | Build | House |
| 0:11 | Build | House |
| 0:12 | Build | House |
| 0:13 | Build | House |
| 0:13 | Build | House |
| 0:14 | Build | House |
| 0:14 | Build | House |
| 0:15 | Build | House |
| 0:15 | Build | House |
| 0:16 | Build | House |
| 0:16 | Build | House |
| 0:25 | Build | Town Center |
| 0:28 | Build | Town Center |
| 0:31 | Build | Town Center |
| 0:59 | Build | Town Center |
| 1:01 | Build | Town Center |
| 1:09 | Build | Town Center |
| 1:33 | Build | Market |
| 1:35 | Build | Market |
| 1:39 | Build | Market |
| 1:48 | Create | Villager (Male) ×5 |
| 1:48 | Create | Villager (Male) ×5 |
| 1:48 | Create | Villager (Male) ×5 |
| 1:49 | Create | Villager (Male) ×5 |
| 1:49 | Create | Villager (Male) ×5 |
| 1:51 | Create | Villager (Male) ×5 |
| 1:52 | Create | Villager (Male) ×5 |
| 1:52 | Create | Villager (Male) ×5 |
| 1:52 | Create | Villager (Male) ×5 |
| 1:53 | Create | Villager (Male) ×5 |
| 1:55 | Create | Villager (Male) ×5 |
| 1:56 | Create | Villager (Male) ×5 |
| 1:56 | Create | Villager (Male) ×5 |
| 1:56 | Create | Villager (Male) ×5 |
| 1:57 | Create | Villager (Male) ×5 |
| 2:03 | Build | House |
| 2:04 | Build | House |
| 2:04 | Build | House |
| 2:06 | Build | House |
| 2:06 | Build | House |
| 2:07 | Build | House |
| 2:08 | Build | House |
| 2:08 | Build | House |
| 2:09 | Build | House |
| 2:10 | Build | House |
| 2:10 | Build | House |
| 2:10 | Build | House |
| 2:11 | Build | House |
| 2:14 | Build | House |
| 2:14 | Build | House |
| 2:14 | Build | House |
| 2:15 | Build | House |
| 2:18 | Build | House |
| 2:18 | Build | House |
| 2:19 | Build | House |
| 2:19 | Build | House |
| 2:20 | Build | House |
| 2:21 | Build | House |
| 2:21 | Build | House |
| 2:22 | Build | House |
| 2:22 | Build | House |
| 2:23 | Build | House |
| 2:24 | Build | House |
| 2:24 | Build | House |
| 2:26 | Build | House |
| 2:27 | Build | House |
| 2:27 | Build | House |
| 2:28 | Build | House |
| 2:28 | Build | House |
| 2:39 | Build | Town Center |
| 2:46 | Create | Villager (Male) ×5 |
| 2:46 | Create | Villager (Male) ×5 |
| 2:46 | Create | Villager (Male) |
| 2:47 | Create | Villager (Male) |
| 2:55 | Build | Mill |
| 2:57 | Build | Mill |
| 3:02 | Build | Mill |
| 3:03 | Build | Mill |
| 3:05 | Build | Mill |
| 3:07 | Build | Mill |
| 3:20 | Build | Farm |
| 3:21 | Build | Farm |
| 3:23 | Build | Farm |
| 3:24 | Build | Farm |
| 3:26 | Build | Farm |
| 3:26 | Build | Farm |
| 3:29 | Build | Farm |
| 3:31 | Build | Farm |
| 3:34 | Build | Farm |
| 3:35 | Build | Farm |
| 3:36 | Build | Farm |
| 3:38 | Build | Farm |
| 3:41 | Create | Villager (Male) ×2 |
| 3:41 | Create | Villager (Male) ×2 |
| 3:41 | Create | Villager (Male) ×2 |
| 3:52 | Create | Villager (Male) ×5 |
| 3:52 | Create | Villager (Male) ×5 |
| 3:53 | Create | Villager (Male) ×5 |
| 3:53 | Create | Villager (Male) ×5 |
| 3:53 | Create | Villager (Male) ×5 |
| 3:56 | Create | Villager (Male) ×5 |
| 3:57 | Create | Villager (Male) ×5 |
| 3:58 | Create | Villager (Male) ×5 |
| 3:58 | Create | Villager (Male) ×5 |
| 3:58 | Create | Villager (Male) ×5 |
| 4:04 | Create | Villager (Male) ×5 |
| 4:05 | Create | Villager (Male) ×5 |
| 4:05 | Create | Villager (Male) ×5 |
| 4:06 | Create | Villager (Male) ×5 |
| 4:13 | Build | Mining Camp |
| 4:50 | Build | Farm |
| 4:53 | Build | Farm |
| 4:54 | Build | Farm |
| 4:56 | Build | Farm |
| 4:57 | Build | Farm |
| 4:59 | Build | Farm |
| 5:04 | Build | Farm |
| 5:49 | Build | Farm |
| 5:52 | Build | Farm |
| 5:58 | Build | Farm |
| 6:03 | Build | Farm |
| 6:06 | Build | Farm |
| 6:09 | Build | Farm |
| 6:26 | Build | Lumber Camp |
| 6:43 | Build | Mining Camp |
| 6:52 | Create | Trade Cart ×5 |
| 6:52 | Create | Trade Cart ×5 |
| 6:52 | Create | Trade Cart ×5 |
| 6:53 | Create | Trade Cart ×5 |
| 6:53 | Create | Trade Cart ×5 |
| 6:54 | Create | Trade Cart ×5 |
| 6:54 | Create | Trade Cart ×5 |
| 6:55 | Create | Trade Cart ×5 |
| 7:07 | Build | Market |
| 7:27 | Create | Villager (Male) ×5 |
| 7:28 | Create | Villager (Male) ×5 |
| 7:28 | Create | Villager (Male) ×5 |
| 7:28 | Create | Villager (Male) ×3 |
| 9:23 | Build | Farm |
| 9:25 | Build | Farm |
| 9:27 | Build | Farm |
| 9:28 | Build | Farm |
| 9:30 | Build | Farm |
Build order — Gameon20166569
First 150 of 990 actions detected
| 0:11 | Build | Town Center |
| 0:14 | Build | Town Center |
| 0:17 | Build | Town Center |
| 0:19 | Build | Town Center |
| 0:22 | Build | Town Center |
| 0:24 | Build | Town Center |
| 0:27 | Build | Town Center |
| 0:29 | Build | Town Center |
| 0:34 | Build | Town Center |
| 0:36 | Build | Town Center |
| 0:39 | Build | Town Center |
| 0:46 | Create | Villager (Male) ×15 |
| 0:47 | Create | Villager (Male) |
| 0:47 | Create | Villager (Male) ×14 |
| 1:25 | Create | Villager (Male) ×15 |
| 1:52 | Create | Villager (Male) ×15 |
| 2:20 | Build | Market |
| 2:26 | Build | Market |
| 2:27 | Build | Market |
| 2:28 | Build | Market |
| 2:29 | Build | Market |
| 2:31 | Build | Market |
| 2:40 | Build | Market |
| 2:43 | Build | Market |
| 3:16 | Create | Villager (Male) ×15 |
| 3:17 | Create | Villager (Male) |
| 3:18 | Create | Villager (Male) ×15 |
| 3:18 | Create | Villager (Male) |
| 3:39 | Build | House |
| 3:44 | Build | House |
| 3:45 | Build | House |
| 3:46 | Build | House |
| 3:49 | Build | House |
| 3:55 | Build | House |
| 3:57 | Build | House |
| 4:05 | Build | House |
| 4:07 | Build | House |
| 4:09 | Build | House |
| 4:13 | Build | House |
| 4:15 | Build | House |
| 4:16 | Build | House |
| 4:18 | Build | House |
| 4:19 | Build | House |
| 4:20 | Build | House |
| 4:22 | Build | House |
| 4:28 | Build | House |
| 4:30 | Build | House |
| 4:36 | Build | House |
| 4:40 | Build | House |
| 4:42 | Build | House |
| 4:44 | Build | House |
| 4:46 | Build | House |
| 4:48 | Build | House |
| 5:00 | Build | House |
| 5:02 | Build | House |
| 5:05 | Build | House |
| 5:08 | Build | House |
| 5:23 | Create | Villager (Male) ×15 |
| 5:24 | Create | Villager (Male) |
| 5:24 | Create | Villager (Male) ×15 |
| 5:25 | Create | Villager (Male) |
| 5:26 | Create | Villager (Male) ×15 |
| 5:26 | Create | Villager (Male) |
| 5:30 | Build | Farm |
| 5:30 | Build | Farm |
| 5:30 | Build | Farm |
| 5:30 | Build | Farm |
| 5:30 | Build | Farm |
| 5:30 | Build | Farm |
| 5:30 | Build | Farm |
| 5:30 | Build | Farm |
| 5:30 | Build | Farm |
| 5:30 | Build | Farm |
| 5:30 | Build | Farm |
| 5:30 | Build | Farm |
| 5:31 | Build | Farm |
| 5:31 | Build | Farm |
| 5:31 | Build | Farm |
| 5:31 | Build | Farm |
| 5:31 | Build | Farm |
| 5:31 | Build | Farm |
| 5:31 | Build | Farm |
| 5:31 | Build | Farm |
| 5:31 | Build | Farm |
| 5:31 | Build | Farm |
| 5:31 | Build | Farm |
| 5:31 | Build | Farm |
| 5:31 | Build | Farm |
| 5:31 | Build | Farm |
| 5:32 | Build | Farm |
| 5:32 | Build | Farm |
| 5:32 | Build | Farm |
| 5:32 | Build | Farm |
| 5:32 | Build | Farm |
| 5:32 | Build | Farm |
| 5:32 | Build | Farm |
| 5:32 | Build | Farm |
| 5:32 | Build | Farm |
| 5:32 | Build | Farm |
| 5:32 | Build | Farm |
| 5:32 | Build | Farm |
| 5:32 | Build | Farm |
| 5:32 | Build | Farm |
| 5:32 | Build | Farm |
| 5:32 | Build | Farm |
| 5:32 | Build | Farm |
| 5:32 | Build | Farm |
| 5:32 | Build | Farm |
| 5:32 | Build | Farm |
| 5:32 | Build | Farm |
| 5:32 | Build | Farm |
| 5:32 | Build | Farm |
| 5:32 | Build | Farm |
| 5:32 | Build | Farm |
| 5:32 | Build | Farm |
| 5:32 | Build | Farm |
| 5:33 | Build | Farm |
| 5:33 | Build | Farm |
| 5:33 | Build | Farm |
| 5:45 | Build | Lumber Camp |
| 5:47 | Build | Lumber Camp |
| 5:50 | Build | Lumber Camp |
| 5:52 | Build | Lumber Camp |
| 5:53 | Build | Lumber Camp |
| 5:56 | Build | Lumber Camp |
| 5:58 | Build | Farm |
| 5:58 | Build | Farm |
| 5:58 | Build | Farm |
| 5:58 | Build | Farm |
| 5:58 | Build | Farm |
| 5:58 | Build | Farm |
| 5:58 | Build | Farm |
| 6:00 | Build | Lumber Camp |
| 6:03 | Build | Lumber Camp |
| 6:07 | Build | Lumber Camp |
| 6:08 | Build | Lumber Camp |
| 6:09 | Build | Farm |
| 6:09 | Build | Farm |
| 6:09 | Build | Farm |
| 6:09 | Build | Farm |
| 6:09 | Build | Farm |
| 6:09 | Build | Farm |
| 6:09 | Build | Farm |
| 6:09 | Build | Farm |
| 6:09 | Build | Farm |
| 6:09 | Build | Farm |
| 6:09 | Build | Farm |
| 6:12 | Build | Lumber Camp |
| 6:15 | Build | Lumber Camp |
| 6:15 | Build | Farm |
Build order — BrawnyTerror89
First 150 of 998 actions detected
| 0:24 | Build | Market |
| 0:28 | Build | Market |
| 0:31 | Build | Market |
| 0:34 | Build | Market |
| 0:37 | Build | Market |
| 0:51 | Build | House |
| 0:53 | Build | House |
| 0:55 | Build | House |
| 0:56 | Build | House |
| 0:59 | Build | House |
| 1:03 | Build | House |
| 1:06 | Build | House |
| 1:08 | Build | House |
| 1:10 | Build | House |
| 1:13 | Build | House |
| 1:15 | Build | House |
| 1:20 | Build | House |
| 1:22 | Build | House |
| 1:24 | Build | House |
| 1:27 | Build | House |
| 1:29 | Build | House |
| 1:30 | Build | House |
| 1:32 | Build | House |
| 1:34 | Build | House |
| 1:56 | Build | Market |
| 1:59 | Build | Market |
| 2:01 | Build | Market |
| 2:14 | Build | Town Center |
| 2:20 | Build | Town Center |
| 2:25 | Build | Town Center |
| 2:30 | Build | Town Center |
| 3:17 | Build | Town Center |
| 3:28 | Build | Town Center |
| 3:34 | Create | Villager (Male) |
| 3:35 | Create | Villager (Male) |
| 3:35 | Create | Villager (Male) |
| 3:35 | Create | Villager (Male) |
| 3:36 | Create | Villager (Male) |
| 3:36 | Create | Villager (Male) |
| 3:37 | Create | Villager (Male) |
| 3:37 | Create | Villager (Male) |
| 3:37 | Create | Villager (Male) |
| 3:38 | Create | Villager (Male) |
| 3:38 | Create | Villager (Male) |
| 3:38 | Create | Villager (Male) |
| 3:39 | Create | Villager (Male) |
| 3:39 | Create | Villager (Male) |
| 3:39 | Create | Villager (Male) |
| 4:32 | Create | Trade Cart |
| 4:33 | Create | Trade Cart |
| 4:33 | Create | Trade Cart |
| 4:33 | Create | Trade Cart |
| 4:34 | Create | Trade Cart |
| 4:34 | Create | Trade Cart |
| 4:34 | Create | Trade Cart |
| 4:35 | Create | Trade Cart |
| 4:35 | Create | Trade Cart |
| 4:35 | Create | Trade Cart |
| 4:35 | Create | Trade Cart |
| 4:36 | Create | Trade Cart |
| 4:36 | Create | Trade Cart |
| 4:36 | Create | Trade Cart |
| 4:37 | Create | Trade Cart |
| 4:37 | Create | Trade Cart |
| 4:37 | Create | Trade Cart |
| 4:38 | Create | Trade Cart |
| 4:38 | Create | Trade Cart |
| 4:38 | Create | Trade Cart |
| 4:39 | Create | Trade Cart |
| 4:39 | Create | Trade Cart |
| 4:39 | Create | Trade Cart |
| 4:40 | Create | Trade Cart |
| 4:40 | Create | Trade Cart |
| 4:40 | Create | Trade Cart |
| 4:41 | Create | Trade Cart |
| 4:41 | Create | Trade Cart |
| 4:41 | Create | Trade Cart |
| 4:42 | Create | Trade Cart |
| 4:42 | Create | Trade Cart |
| 4:42 | Create | Trade Cart |
| 4:43 | Create | Trade Cart |
| 4:43 | Create | Trade Cart |
| 4:43 | Create | Trade Cart |
| 4:44 | Create | Trade Cart |
| 4:44 | Create | Trade Cart |
| 4:44 | Create | Trade Cart |
| 4:45 | Create | Trade Cart |
| 4:45 | Create | Trade Cart |
| 4:45 | Create | Trade Cart |
| 4:45 | Create | Trade Cart |
| 4:46 | Create | Trade Cart |
| 4:46 | Create | Trade Cart |
| 4:46 | Create | Trade Cart |
| 4:47 | Create | Trade Cart |
| 4:47 | Create | Trade Cart |
| 4:47 | Create | Trade Cart |
| 4:48 | Create | Trade Cart |
| 4:48 | Create | Trade Cart |
| 4:48 | Create | Trade Cart |
| 4:49 | Create | Trade Cart |
| 4:49 | Create | Trade Cart |
| 4:49 | Create | Trade Cart |
| 4:50 | Create | Trade Cart |
| 4:50 | Create | Trade Cart |
| 4:50 | Create | Trade Cart |
| 4:51 | Create | Trade Cart |
| 4:51 | Create | Trade Cart |
| 4:51 | Create | Trade Cart |
| 4:52 | Create | Trade Cart |
| 4:52 | Create | Trade Cart |
| 4:52 | Create | Trade Cart |
| 4:53 | Create | Trade Cart |
| 4:53 | Create | Trade Cart |
| 4:53 | Create | Trade Cart |
| 4:54 | Create | Trade Cart |
| 4:54 | Create | Trade Cart |
| 4:54 | Create | Trade Cart |
| 4:55 | Create | Trade Cart |
| 4:55 | Create | Trade Cart |
| 4:55 | Create | Trade Cart |
| 4:56 | Create | Trade Cart |
| 4:56 | Create | Trade Cart |
| 4:56 | Create | Trade Cart |
| 5:43 | Create | Trade Cart |
| 5:43 | Create | Trade Cart |
| 5:44 | Create | Trade Cart |
| 5:44 | Create | Trade Cart |
| 5:44 | Create | Trade Cart |
| 5:44 | Create | Trade Cart |
| 5:45 | Create | Trade Cart |
| 5:45 | Create | Trade Cart |
| 5:45 | Create | Trade Cart |
| 5:46 | Create | Trade Cart |
| 5:46 | Create | Trade Cart |
| 5:46 | Create | Trade Cart |
| 5:47 | Create | Trade Cart |
| 5:47 | Create | Trade Cart |
| 5:47 | Create | Trade Cart |
| 5:48 | Create | Trade Cart |
| 5:48 | Create | Trade Cart |
| 5:48 | Create | Trade Cart |
| 5:48 | Create | Trade Cart |
| 5:49 | Create | Trade Cart |
| 5:49 | Create | Trade Cart |
| 5:49 | Create | Trade Cart |
| 5:50 | Create | Trade Cart |
| 5:50 | Create | Trade Cart |
| 5:50 | Create | Trade Cart |
| 5:51 | Create | Trade Cart |
| 5:51 | Create | Trade Cart |
Build order — *****Noob9991
First 150 of 726 actions detected
| 0:12 | Build | Town Center |
| 0:12 | Build | Town Center |
| 0:13 | Build | Town Center |
| 0:13 | Build | Town Center |
| 0:13 | Build | Town Center |
| 0:14 | Build | Town Center |
| 0:14 | Build | Town Center |
| 0:15 | Build | Town Center |
| 0:15 | Build | Town Center |
| 0:16 | Build | Town Center |
| 0:18 | Build | Town Center |
| 0:18 | Build | Town Center |
| 0:18 | Build | Town Center |
| 0:20 | Build | Town Center |
| 0:20 | Build | Town Center |
| 0:20 | Build | Town Center |
| 0:22 | Build | Town Center |
| 0:23 | Build | Town Center |
| 0:23 | Build | Town Center |
| 0:23 | Build | Town Center |
| 0:24 | Build | Town Center |
| 0:24 | Build | Town Center |
| 0:24 | Build | Town Center |
| 0:24 | Build | Town Center |
| 0:25 | Build | Town Center |
| 0:25 | Build | Town Center |
| 0:25 | Build | Town Center |
| 0:25 | Build | Town Center |
| 0:26 | Build | Town Center |
| 0:26 | Build | Town Center |
| 0:28 | Build | Town Center |
| 0:28 | Build | Town Center |
| 0:28 | Build | Town Center |
| 0:29 | Build | Town Center |
| 0:29 | Build | Town Center |
| 0:29 | Build | Town Center |
| 0:30 | Build | Town Center |
| 0:40 | Build | Town Center |
| 0:41 | Build | Town Center |
| 0:41 | Build | Town Center |
| 0:41 | Build | Town Center |
| 0:42 | Build | Town Center |
| 0:42 | Build | Town Center |
| 0:43 | Build | Town Center |
| 0:43 | Build | Town Center |
| 0:43 | Build | Town Center |
| 0:57 | Build | Market |
| 0:57 | Build | Market |
| 0:58 | Build | Market |
| 0:59 | Build | Market |
| 1:01 | Build | Market |
| 1:11 | Create | Villager (Male) ×5 |
| 1:11 | Create | Villager (Male) ×5 |
| 1:12 | Create | Villager (Male) ×5 |
| 1:12 | Create | Villager (Male) ×5 |
| 1:19 | Create | Villager (Male) ×5 |
| 1:20 | Create | Villager (Male) ×5 |
| 1:20 | Create | Villager (Male) ×5 |
| 1:20 | Create | Villager (Male) ×5 |
| 1:46 | Build | Monastery |
| 2:16 | Create | Trade Cart ×5 |
| 2:16 | Create | Trade Cart ×5 |
| 2:17 | Create | Trade Cart ×5 |
| 2:17 | Create | Trade Cart ×5 |
| 2:34 | Create | Trade Cart ×5 |
| 2:34 | Create | Trade Cart ×5 |
| 2:35 | Create | Trade Cart ×5 |
| 2:35 | Create | Trade Cart ×5 |
| 2:35 | Create | Trade Cart ×5 |
| 2:35 | Create | Trade Cart ×5 |
| 2:36 | Create | Trade Cart ×5 |
| 2:48 | Create | Villager (Male) ×5 |
| 2:49 | Create | Villager (Male) ×5 |
| 2:49 | Create | Villager (Male) ×5 |
| 2:49 | Create | Villager (Male) ×5 |
| 2:49 | Create | Villager (Male) ×5 |
| 2:50 | Create | Villager (Male) ×5 |
| 2:50 | Create | Villager (Male) ×5 |
| 2:56 | Build | Farm |
| 2:56 | Build | Farm |
| 2:56 | Build | Farm |
| 2:56 | Build | Farm |
| 2:57 | Build | Farm |
| 2:57 | Build | Farm |
| 2:57 | Build | Farm |
| 2:58 | Build | Farm |
| 2:58 | Build | Farm |
| 2:59 | Build | Farm |
| 2:59 | Build | Farm |
| 2:59 | Build | Farm |
| 3:00 | Build | Farm |
| 3:00 | Build | Farm |
| 3:01 | Build | Farm |
| 3:02 | Build | Farm |
| 3:03 | Build | Farm |
| 3:03 | Build | Farm |
| 3:04 | Build | Farm |
| 3:04 | Build | Farm |
| 3:04 | Build | Farm |
| 3:05 | Build | Farm |
| 3:05 | Build | Farm |
| 3:06 | Build | Farm |
| 3:06 | Build | Farm |
| 3:06 | Build | Farm |
| 3:07 | Build | Farm |
| 3:07 | Build | Farm |
| 3:07 | Build | Farm |
| 3:08 | Build | Farm |
| 3:08 | Build | Farm |
| 3:08 | Build | Farm |
| 3:08 | Build | Farm |
| 3:10 | Build | Farm |
| 3:10 | Build | Farm |
| 3:10 | Build | Farm |
| 3:11 | Build | Farm |
| 3:11 | Build | Farm |
| 3:11 | Build | Farm |
| 3:11 | Build | Farm |
| 3:13 | Build | Farm |
| 3:14 | Build | Farm |
| 3:14 | Build | Farm |
| 3:14 | Build | Farm |
| 3:14 | Build | Farm |
| 3:15 | Build | Farm |
| 3:15 | Build | Farm |
| 3:16 | Build | Farm |
| 3:16 | Build | Farm |
| 3:21 | Create | Villager (Male) ×5 |
| 3:22 | Create | Villager (Male) ×5 |
| 3:22 | Create | Villager (Male) ×5 |
| 3:22 | Create | Villager (Male) ×5 |
| 3:22 | Create | Villager (Male) ×5 |
| 3:23 | Create | Villager (Male) ×5 |
| 3:23 | Create | Villager (Male) ×5 |
| 3:23 | Create | Villager (Male) ×3 |
| 3:24 | Create | Villager (Male) ×3 |
| 3:38 | Build | Mining Camp |
| 3:41 | Create | Villager (Male) ×5 |
| 3:41 | Create | Villager (Male) ×5 |
| 3:54 | Create | Villager (Male) ×5 |
| 3:54 | Create | Villager (Male) ×5 |
| 3:55 | Create | Villager (Male) ×5 |
| 3:55 | Create | Villager (Male) ×5 |
| 3:55 | Create | Villager (Male) ×5 |
| 4:00 | Create | Villager (Male) |
| 4:01 | Create | Villager (Male) |
| 4:05 | Create | Monk |
| 4:17 | Create | Villager (Male) ×5 |
| 4:18 | Create | Villager (Male) ×5 |
| 4:18 | Create | Villager (Male) ×5 |
Build order — CHUTER_96
145 actions detected in the replay
| 1:00 | Build | Town Center |
| 1:27 | Create | Villager (Male) ×5 |
| 1:27 | Create | Villager (Male) ×5 |
| 1:28 | Create | Villager (Male) ×5 |
| 1:28 | Create | Villager (Male) ×5 |
| 1:28 | Create | Villager (Male) ×5 |
| 2:22 | Build | Town Center |
| 3:32 | Build | Town Center |
| 4:00 | Build | Mining Camp |
| 4:16 | Create | Villager (Male) ×5 |
| 4:16 | Create | Villager (Male) ×5 |
| 4:17 | Create | Villager (Male) ×5 |
| 4:17 | Create | Villager (Male) ×5 |
| 4:31 | Create | Villager (Male) ×5 |
| 4:32 | Create | Villager (Male) ×5 |
| 4:32 | Create | Villager (Male) ×5 |
| 4:32 | Create | Villager (Male) ×5 |
| 4:33 | Create | Villager (Male) ×5 |
| 5:09 | Build | Town Center |
| 6:16 | Build | House |
| 6:20 | Build | House |
| 6:58 | Create | Villager (Male) ×5 |
| 6:58 | Create | Villager (Male) ×5 |
| 6:58 | Create | Villager (Male) ×5 |
| 6:59 | Create | Villager (Male) ×5 |
| 6:59 | Create | Villager (Male) ×5 |
| 8:24 | Build | Castle |
| 8:45 | Build | Castle |
| 8:53 | Build | Castle |
| 9:08 | Build | Mining Camp |
| 9:31 | Build | Mining Camp |
| 9:52 | Build | House |
| 9:54 | Build | House |
| 9:56 | Build | House |
| 9:58 | Build | House |
| 10:00 | Build | House |
| 10:02 | Build | House |
| 10:58 | Build | Mining Camp |
| 11:30 | Build | Mining Camp |
| 12:03 | Build | Lumber Camp |
| 12:10 | Build | Lumber Camp |
| 12:16 | Build | Lumber Camp |
| 12:23 | Build | Lumber Camp |
| 12:27 | Build | Lumber Camp |
| 12:32 | Build | Lumber Camp |
| 12:44 | Build | Lumber Camp |
| 14:22 | Build | Castle |
| 14:43 | Build | House |
| 15:49 | Build | Market |
| 16:25 | Build | Market |
| 17:03 | Build | House |
| 17:05 | Build | House |
| 17:08 | Build | House |
| 17:10 | Build | House |
| 17:13 | Build | House |
| 17:15 | Build | House |
| 17:17 | Build | House |
| 17:52 | Build | House |
| 17:54 | Build | House |
| 17:56 | Build | House |
| 17:59 | Build | House |
| 18:01 | Build | House |
| 18:04 | Build | House |
| 18:15 | Build | House |
| 18:17 | Build | House |
| 18:26 | Create | Trade Cart ×5 |
| 18:26 | Create | Trade Cart ×5 |
| 18:27 | Create | Trade Cart ×5 |
| 18:27 | Create | Trade Cart ×5 |
| 19:01 | Build | House |
| 19:03 | Build | House |
| 19:06 | Build | House |
| 19:09 | Build | House |
| 19:11 | Build | House |
| 19:13 | Build | House |
| 19:15 | Build | House |
| 19:17 | Build | House |
| 19:21 | Build | House |
| 19:32 | Build | House |
| 19:36 | Build | House |
| 19:39 | Build | House |
| 20:38 | Build | Mining Camp |
| 21:16 | Create | Janissary ×5 |
| 21:18 | Create | Janissary ×5 |
| 21:19 | Create | Janissary ×5 |
| 21:19 | Create | Janissary ×5 |
| 21:20 | Create | Janissary ×5 |
| 21:20 | Create | Janissary ×5 |
| 21:21 | Create | Janissary ×5 |
| 21:21 | Create | Janissary ×5 |
| 21:22 | Create | Janissary ×5 |
| 21:22 | Create | Janissary ×5 |
| 21:23 | Create | Janissary ×5 |
| 21:24 | Create | Janissary ×5 |
| 21:24 | Create | Janissary ×5 |
| 22:31 | Build | House |
| 22:33 | Build | House |
| 22:35 | Build | House |
| 22:37 | Build | House |
| 23:12 | Build | House |
| 23:15 | Build | House |
| 23:19 | Build | House |
| 24:13 | Build | Lumber Camp |
| 24:31 | Build | House |
| 24:34 | Build | House |
| 25:31 | Build | Lumber Camp |
| 25:57 | Build | House |
| 26:00 | Build | House |
| 26:02 | Build | House |
| 26:06 | Build | House |
| 26:08 | Build | House |
| 26:10 | Build | House |
| 26:13 | Build | House |
| 26:16 | Build | House |
| 26:32 | Create | Trade Cart ×5 |
| 26:33 | Create | Trade Cart ×5 |
| 26:33 | Create | Trade Cart ×4 |
| 29:05 | Build | Stone Wall |
| 29:25 | Build | Gate |
| 29:53 | Build | House |
| 30:12 | Build | House |
| 30:15 | Build | House |
| 30:18 | Build | House |
| 30:22 | Build | House |
| 30:24 | Build | House |
| 30:27 | Build | House |
| 31:58 | Build | Lumber Camp |
| 32:03 | Build | Lumber Camp |
| 32:03 | Build | Lumber Camp |
| 32:49 | Build | Gate |
| 33:33 | Build | Stone Wall |
| 34:20 | Build | Gate |
| 34:35 | Build | Stone Wall |
| 34:48 | Build | Stone Wall |
| 35:05 | Build | Stone Wall |
| 36:03 | Build | Market |
| 37:26 | Build | Stone Wall |
| 37:41 | Build | Stone Wall |
| 38:14 | Build | Lumber Camp |
| 39:20 | Create | Trade Cart ×5 |
| 39:22 | Create | Trade Cart ×5 |
| 39:22 | Create | Trade Cart ×5 |
| 39:22 | Create | Trade Cart ×5 |
| 40:12 | Build | Stone Wall |
| 40:24 | Build | Gate |
Build order — TheseGuys108
First 150 of 501 actions detected
| 0:05 | Build | Town Center |
| 0:08 | Build | Town Center |
| 0:10 | Build | Town Center |
| 0:13 | Build | Town Center |
| 0:15 | Build | Town Center |
| 0:18 | Build | Town Center |
| 0:21 | Build | Town Center |
| 0:22 | Build | Town Center |
| 0:24 | Build | Town Center |
| 0:27 | Create | Villager (Male) |
| 0:27 | Create | Villager (Male) |
| 0:28 | Create | Villager (Male) |
| 0:28 | Create | Villager (Male) |
| 0:28 | Create | Villager (Male) |
| 0:29 | Create | Villager (Male) |
| 0:30 | Create | Villager (Male) |
| 0:30 | Create | Villager (Male) |
| 0:37 | Build | Town Center |
| 0:41 | Build | Town Center |
| 0:45 | Build | Town Center |
| 0:49 | Build | Town Center |
| 0:54 | Build | Town Center |
| 0:58 | Build | Town Center |
| 1:03 | Build | Town Center |
| 1:07 | Build | Town Center |
| 1:11 | Build | Town Center |
| 1:15 | Build | Town Center |
| 1:18 | Create | Villager (Male) ×5 |
| 1:18 | Create | Villager (Male) ×5 |
| 1:19 | Create | Villager (Male) ×5 |
| 1:19 | Create | Villager (Male) ×5 |
| 1:24 | Create | Villager (Male) ×5 |
| 1:24 | Create | Villager (Male) ×5 |
| 1:24 | Create | Villager (Male) ×5 |
| 1:25 | Create | Villager (Male) ×5 |
| 1:25 | Create | Villager (Male) ×5 |
| 1:30 | Build | Town Center |
| 1:35 | Create | Villager (Male) |
| 1:35 | Create | Villager (Male) |
| 1:36 | Create | Villager (Male) |
| 1:36 | Create | Villager (Male) |
| 1:37 | Create | Villager (Male) |
| 1:37 | Create | Villager (Male) ×5 |
| 1:38 | Create | Villager (Male) ×5 |
| 1:39 | Create | Villager (Male) ×5 |
| 1:39 | Create | Villager (Male) ×5 |
| 1:40 | Create | Villager (Male) ×5 |
| 1:50 | Build | Market |
| 1:52 | Build | Market |
| 1:55 | Build | Market |
| 1:56 | Build | Market |
| 1:59 | Build | Market |
| 2:08 | Create | Villager (Male) ×5 |
| 2:10 | Create | Villager (Male) ×5 |
| 2:10 | Create | Villager (Male) ×5 |
| 2:11 | Create | Villager (Male) ×5 |
| 2:11 | Create | Villager (Male) ×5 |
| 2:12 | Create | Villager (Male) ×5 |
| 2:12 | Create | Villager (Male) ×5 |
| 2:20 | Build | Market |
| 2:20 | Build | Market |
| 2:21 | Build | Market |
| 2:21 | Build | Market |
| 2:22 | Build | Market |
| 2:23 | Build | Market |
| 2:23 | Build | Market |
| 2:24 | Build | Market |
| 2:24 | Build | Market |
| 2:25 | Build | Market |
| 2:26 | Build | Market |
| 2:26 | Build | Market |
| 2:26 | Build | Market |
| 2:27 | Build | Market |
| 2:29 | Build | Market |
| 2:30 | Build | Market |
| 2:30 | Build | Market |
| 2:31 | Build | Market |
| 2:31 | Build | Market |
| 2:32 | Build | Market |
| 2:33 | Build | Market |
| 2:33 | Build | Market |
| 2:35 | Build | Market |
| 2:36 | Build | Market |
| 2:36 | Build | Market |
| 2:36 | Build | Market |
| 2:36 | Build | Market |
| 2:38 | Build | Market |
| 2:41 | Build | Market |
| 2:48 | Build | House |
| 2:48 | Build | House |
| 2:49 | Build | House |
| 2:50 | Build | House |
| 2:51 | Build | House |
| 2:51 | Build | House |
| 2:52 | Build | House |
| 2:52 | Build | House |
| 2:54 | Build | House |
| 2:55 | Build | House |
| 2:56 | Build | House |
| 2:56 | Build | House |
| 2:56 | Build | House |
| 2:57 | Build | House |
| 2:57 | Build | House |
| 2:58 | Build | House |
| 2:59 | Build | House |
| 3:00 | Build | House |
| 3:02 | Build | House |
| 3:06 | Build | House |
| 3:06 | Build | House |
| 3:07 | Build | House |
| 3:07 | Build | House |
| 3:08 | Build | House |
| 3:08 | Build | House |
| 3:12 | Build | House |
| 3:12 | Build | House |
| 3:13 | Build | House |
| 3:14 | Build | House |
| 3:14 | Build | House |
| 3:14 | Build | House |
| 3:14 | Build | House |
| 3:15 | Build | House |
| 3:16 | Build | House |
| 3:16 | Build | House |
| 3:18 | Build | House |
| 3:19 | Build | House |
| 3:19 | Build | House |
| 3:20 | Build | House |
| 3:20 | Build | House |
| 3:25 | Build | House |
| 3:25 | Build | House |
| 3:25 | Build | House |
| 3:26 | Build | House |
| 3:27 | Build | House |
| 3:27 | Build | House |
| 3:28 | Build | House |
| 3:28 | Build | House |
| 3:29 | Build | House |
| 3:30 | Build | House |
| 3:30 | Build | House |
| 3:36 | Build | Farm |
| 3:36 | Build | Farm |
| 3:36 | Build | Farm |
| 3:37 | Build | Farm |
| 3:37 | Build | Farm |
| 3:37 | Build | Farm |
| 3:38 | Build | Farm |
| 3:38 | Build | Farm |
| 3:38 | Build | Farm |
| 3:39 | Build | Farm |
| 3:39 | Build | Farm |
Build order — su.li18
First 150 of 519 actions detected
| 0:07 | Build | Town Center |
| 0:09 | Build | Town Center |
| 0:12 | Build | Town Center |
| 0:14 | Build | Town Center |
| 0:16 | Build | Town Center |
| 0:18 | Build | Town Center |
| 0:20 | Build | Town Center |
| 0:22 | Build | Town Center |
| 0:25 | Build | Town Center |
| 0:27 | Create | Villager (Male) |
| 0:27 | Create | Villager (Male) |
| 0:27 | Create | Villager (Male) |
| 0:40 | Build | Market |
| 0:42 | Build | Market |
| 0:50 | Create | Villager (Male) ×5 |
| 0:50 | Create | Villager (Male) ×5 |
| 0:50 | Create | Villager (Male) ×5 |
| 0:51 | Create | Villager (Male) ×5 |
| 0:51 | Create | Villager (Male) ×5 |
| 0:51 | Create | Villager (Male) ×5 |
| 0:52 | Create | Villager (Male) ×5 |
| 0:52 | Create | Villager (Male) ×5 |
| 0:52 | Create | Villager (Male) ×3 |
| 1:00 | Build | House |
| 1:02 | Build | House |
| 1:03 | Build | House |
| 1:05 | Build | House |
| 1:06 | Build | House |
| 1:26 | Build | Market |
| 1:28 | Build | Market |
| 1:30 | Build | Market |
| 1:32 | Build | Market |
| 1:34 | Build | Market |
| 1:35 | Build | Market |
| 1:38 | Build | Market |
| 1:40 | Build | Market |
| 1:42 | Build | Market |
| 1:46 | Create | Villager (Male) ×5 |
| 1:47 | Create | Villager (Male) ×5 |
| 1:47 | Create | Villager (Male) ×5 |
| 1:47 | Create | Villager (Male) ×5 |
| 1:48 | Create | Villager (Male) ×5 |
| 1:54 | Build | House |
| 1:56 | Build | House |
| 1:58 | Build | House |
| 2:00 | Build | House |
| 2:02 | Build | House |
| 2:03 | Build | House |
| 2:05 | Build | House |
| 2:07 | Build | House |
| 2:09 | Build | House |
| 2:33 | Build | Town Center |
| 2:42 | Create | Trade Cart ×5 |
| 2:43 | Create | Trade Cart ×5 |
| 2:43 | Create | Trade Cart ×5 |
| 2:57 | Build | House |
| 2:58 | Build | House |
| 3:00 | Build | House |
| 3:01 | Build | House |
| 3:13 | Create | Villager (Male) ×5 |
| 3:14 | Create | Villager (Male) ×5 |
| 3:14 | Create | Villager (Male) ×5 |
| 3:14 | Create | Villager (Male) ×5 |
| 3:15 | Create | Villager (Male) ×5 |
| 3:15 | Create | Villager (Male) ×5 |
| 3:15 | Create | Villager (Male) ×5 |
| 3:16 | Create | Villager (Male) ×5 |
| 3:16 | Create | Villager (Male) ×5 |
| 3:16 | Create | Villager (Male) ×5 |
| 3:17 | Create | Villager (Male) ×5 |
| 3:17 | Create | Villager (Male) ×5 |
| 3:17 | Create | Villager (Male) ×5 |
| 3:18 | Create | Villager (Male) ×5 |
| 3:21 | Create | Villager (Male) ×5 |
| 3:21 | Create | Villager (Male) ×5 |
| 3:22 | Create | Villager (Male) ×5 |
| 3:22 | Create | Villager (Male) ×5 |
| 3:25 | Create | Villager (Male) ×5 |
| 3:25 | Create | Villager (Male) ×5 |
| 3:25 | Create | Villager (Male) ×5 |
| 3:33 | Build | Lumber Camp |
| 3:43 | Create | Trade Cart ×5 |
| 3:43 | Create | Trade Cart ×5 |
| 3:43 | Create | Trade Cart ×5 |
| 3:44 | Create | Trade Cart ×5 |
| 3:44 | Create | Trade Cart ×5 |
| 3:44 | Create | Trade Cart ×5 |
| 3:45 | Create | Trade Cart ×5 |
| 3:59 | Build | House |
| 4:16 | Build | House |
| 4:17 | Build | House |
| 4:18 | Build | House |
| 4:20 | Build | House |
| 4:22 | Build | House |
| 4:23 | Build | House |
| 4:25 | Build | House |
| 4:28 | Build | House |
| 4:30 | Build | House |
| 4:31 | Build | House |
| 4:32 | Build | House |
| 4:34 | Build | House |
| 4:35 | Build | House |
| 4:50 | Create | Trade Cart |
| 4:50 | Create | Trade Cart |
| 4:50 | Create | Trade Cart |
| 4:50 | Create | Trade Cart |
| 4:51 | Create | Trade Cart |
| 4:51 | Create | Trade Cart |
| 4:52 | Create | Trade Cart ×5 |
| 4:52 | Create | Trade Cart ×5 |
| 4:53 | Create | Trade Cart ×5 |
| 4:53 | Create | Trade Cart ×5 |
| 4:53 | Create | Trade Cart ×5 |
| 4:54 | Create | Trade Cart ×4 |
| 5:04 | Create | Trade Cart |
| 5:05 | Create | Trade Cart |
| 5:05 | Create | Trade Cart |
| 5:05 | Create | Trade Cart |
| 5:06 | Create | Trade Cart |
| 5:07 | Create | Trade Cart ×5 |
| 5:07 | Create | Trade Cart ×5 |
| 5:08 | Create | Trade Cart ×5 |
| 5:08 | Create | Trade Cart ×5 |
| 5:08 | Create | Trade Cart ×5 |
| 5:19 | Build | House |
| 5:20 | Build | House |
| 5:22 | Build | House |
| 5:23 | Build | House |
| 5:24 | Build | House |
| 5:26 | Build | House |
| 5:28 | Build | House |
| 5:37 | Build | Mining Camp |
| 5:40 | Build | Mining Camp |
| 5:45 | Build | Mining Camp |
| 5:51 | Build | Mining Camp |
| 6:02 | Build | Mining Camp |
| 6:17 | Build | Lumber Camp |
| 6:27 | Build | Lumber Camp |
| 6:28 | Create | Villager (Male) |
| 6:28 | Create | Villager (Male) |
| 6:29 | Create | Villager (Male) |
| 6:29 | Create | Villager (Male) |
| 6:29 | Create | Villager (Male) |
| 6:30 | Create | Villager (Male) |
| 6:30 | Create | Villager (Male) |
| 6:30 | Create | Villager (Male) |
| 6:31 | Create | Villager (Male) |
| 6:31 | Create | Villager (Male) |
| 6:31 | Create | Villager (Male) |
| 6:32 | Create | Villager (Male) |
Build order — Ilyus_Cesar
First 150 of 567 actions detected
| 0:11 | Build | Town Center |
| 0:22 | Build | Town Center |
| 0:24 | Build | Town Center |
| 0:26 | Build | Town Center |
| 0:28 | Build | Town Center |
| 0:45 | Build | Market |
| 0:49 | Build | Market |
| 0:55 | Build | Market |
| 1:03 | Build | Market |
| 1:13 | Build | House |
| 1:15 | Build | House |
| 1:16 | Build | House |
| 1:17 | Build | House |
| 1:19 | Build | House |
| 1:20 | Build | House |
| 1:21 | Build | House |
| 1:27 | Create | Villager (Male) ×5 |
| 1:28 | Create | Villager (Male) ×5 |
| 1:28 | Create | Villager (Male) ×5 |
| 1:28 | Create | Villager (Male) ×5 |
| 1:38 | Create | Villager (Male) ×5 |
| 1:38 | Create | Villager (Male) ×5 |
| 1:39 | Create | Villager (Male) ×5 |
| 1:39 | Create | Villager (Male) ×5 |
| 1:39 | Create | Villager (Male) ×5 |
| 1:40 | Create | Villager (Male) ×5 |
| 1:40 | Create | Villager (Male) ×5 |
| 1:40 | Create | Villager (Male) ×5 |
| 1:40 | Create | Villager (Male) ×5 |
| 1:41 | Create | Villager (Male) ×5 |
| 2:42 | Build | Market |
| 2:52 | Create | Villager (Male) ×5 |
| 2:53 | Create | Villager (Male) ×5 |
| 2:53 | Create | Villager (Male) ×5 |
| 2:53 | Create | Villager (Male) ×5 |
| 2:54 | Create | Villager (Male) ×5 |
| 2:54 | Create | Villager (Male) ×5 |
| 3:10 | Build | Mining Camp |
| 3:19 | Build | Mining Camp |
| 3:25 | Build | Mining Camp |
| 3:29 | Build | Mining Camp |
| 3:34 | Build | Mining Camp |
| 3:37 | Build | Mining Camp |
| 3:40 | Build | Mining Camp |
| 3:43 | Build | Mining Camp |
| 3:56 | Create | Villager (Male) ×5 |
| 3:57 | Create | Villager (Male) ×5 |
| 3:57 | Create | Villager (Male) ×5 |
| 3:57 | Create | Villager (Male) ×5 |
| 3:58 | Create | Villager (Male) ×5 |
| 4:09 | Build | House |
| 4:11 | Build | House |
| 4:16 | Build | House |
| 4:19 | Build | House |
| 4:22 | Build | House |
| 4:23 | Build | House |
| 4:28 | Build | House |
| 4:30 | Build | House |
| 4:32 | Build | House |
| 4:34 | Build | House |
| 4:36 | Build | House |
| 4:37 | Build | House |
| 4:38 | Build | House |
| 4:40 | Build | House |
| 4:43 | Build | House |
| 4:44 | Build | House |
| 4:46 | Build | House |
| 5:22 | Build | Mill |
| 5:24 | Build | Mill |
| 5:27 | Build | Mill |
| 5:29 | Build | Mill |
| 5:31 | Build | Mill |
| 5:36 | Build | Farm |
| 5:36 | Build | Farm |
| 5:37 | Build | Farm |
| 5:37 | Build | Farm |
| 5:37 | Build | Farm |
| 5:37 | Build | Farm |
| 5:38 | Build | Farm |
| 5:39 | Build | Farm |
| 5:50 | Build | Farm |
| 5:50 | Build | Farm |
| 5:50 | Build | Farm |
| 5:51 | Build | Farm |
| 5:51 | Build | Farm |
| 5:51 | Build | Farm |
| 5:52 | Build | Farm |
| 5:52 | Build | Farm |
| 5:52 | Build | Farm |
| 5:52 | Build | Farm |
| 5:53 | Build | Farm |
| 5:53 | Build | Farm |
| 5:53 | Build | Farm |
| 6:09 | Create | Villager (Male) ×5 |
| 6:09 | Create | Villager (Male) ×5 |
| 6:21 | Build | Farm |
| 6:22 | Build | Farm |
| 6:22 | Build | Farm |
| 6:22 | Build | Farm |
| 6:23 | Build | Farm |
| 6:23 | Build | Farm |
| 6:23 | Build | Farm |
| 6:23 | Build | Farm |
| 6:24 | Build | Farm |
| 6:30 | Build | Farm |
| 6:31 | Build | Farm |
| 6:31 | Build | Farm |
| 6:31 | Build | Farm |
| 6:32 | Build | Farm |
| 6:32 | Build | Farm |
| 6:32 | Build | Farm |
| 6:33 | Build | Farm |
| 6:33 | Build | Farm |
| 6:40 | Build | Farm |
| 6:40 | Build | Farm |
| 6:40 | Build | Farm |
| 6:41 | Build | Farm |
| 6:41 | Build | Farm |
| 6:41 | Build | Farm |
| 6:42 | Build | Farm |
| 6:42 | Build | Farm |
| 6:42 | Build | Farm |
| 6:42 | Build | Farm |
| 6:47 | Build | Farm |
| 6:48 | Build | Farm |
| 6:48 | Build | Farm |
| 6:48 | Build | Farm |
| 6:48 | Build | Farm |
| 6:53 | Build | Farm |
| 6:53 | Build | Farm |
| 6:53 | Build | Farm |
| 6:54 | Build | Farm |
| 6:54 | Build | Farm |
| 7:00 | Build | Farm |
| 7:00 | Build | Farm |
| 7:00 | Build | Farm |
| 7:01 | Build | Farm |
| 7:23 | Create | Trade Cart ×5 |
| 7:24 | Create | Trade Cart ×5 |
| 7:24 | Create | Trade Cart ×5 |
| 7:24 | Create | Trade Cart ×5 |
| 7:24 | Create | Trade Cart ×5 |
| 7:25 | Create | Trade Cart ×5 |
| 7:25 | Create | Trade Cart ×5 |
| 7:25 | Create | Trade Cart ×5 |
| 7:26 | Create | Trade Cart ×5 |
| 7:26 | Create | Trade Cart ×5 |
| 7:26 | Create | Trade Cart ×5 |
| 7:26 | Create | Trade Cart ×5 |
| 7:27 | Create | Trade Cart ×5 |
Match timeline
| 1:46 | *****Noob9991 · first_building Monastery |
| 4:55 | TheseGuys108 · first_building Monastery |
| 7:29 | su.li18 · first_building Monastery |
| 8:11 | Ilyus_Cesar · first_building Castle |
| 8:24 | CHUTER_96 · first_building Castle |
| 8:31 | Gameon20166569 · first_building Siege Workshop |
| 10:13 | *****Noob9991 · wall_segment Stone Wall x27 |
| 10:16 | Gameon20166569 · first_building Stable |
| 10:57 | *****Noob9991 · first_building Castle |
| 11:00 | TheseGuys108 · wall_segment Stone Wall x47 |
| 11:11 | Ilyus_Cesar · first_building Siege Workshop |
| 11:12 | TheseGuys108 · wall_segment Stone Wall x18 |
| 11:36 | BABA YAGA00 · first_building Castle |
| 11:36 | Gameon20166569 · first_building Barracks |
| 12:13 | *****Noob9991 · wall_segment Stone Wall x17 |
| 12:28 | Ilyus_Cesar · first_building Stable |
| 12:43 | TheseGuys108 · wall_segment Stone Wall x22 |
| 12:44 | *****Noob9991 · wall_segment Stone Wall x18 |
| 12:50 | TheseGuys108 · wall_segment Stone Wall x17 |
| 12:54 | TheseGuys108 · wall_segment Stone Wall x14 |
| 13:00 | TheseGuys108 · wall_segment Stone Wall x4 |
| 13:01 | *****Noob9991 · wall_segment Stone Wall x16 |
| 13:05 | Gameon20166569 · wall_segment Stone Wall x31 |
| 13:05 | TheseGuys108 · wall_segment Stone Wall x17 |
| 13:12 | Ilyus_Cesar · first_building Archery Range |
| 13:13 | TheseGuys108 · wall_segment Stone Wall x3 |
| 13:17 | Gameon20166569 · wall_segment Stone Wall x59 |
| 13:21 | TheseGuys108 · wall_segment Stone Wall x7 |
| 13:35 | TheseGuys108 · wall_segment Stone Wall x15 |
| 13:36 | Gameon20166569 · wall_segment Stone Wall x12 |
| 13:41 | TheseGuys108 · wall_segment Stone Wall x34 |
| 13:42 | TheseGuys108 · wall_segment Stone Wall x4 |
| 13:44 | Gameon20166569 · wall_segment Stone Wall x54 |
| 13:46 | BABA YAGA00 · first_building Siege Workshop |
| 13:50 | Gameon20166569 · wall_segment Stone Wall x16 |
| 13:55 | BrawnyTerror89 · first_building Castle |
| 14:02 | Gameon20166569 · wall_segment Stone Wall x13 |
| 14:02 | *****Noob9991 · wall_segment Stone Wall x43 |
| 14:25 | *****Noob9991 · first_building Barracks |
| 15:14 | BABA YAGA00 · first_building Stable |
| 16:42 | *****Noob9991 · wall_segment Stone Wall x8 |
| 17:13 | Ilyus_Cesar · first_building Monastery |
| 17:15 | *****Noob9991 · first_building Siege Workshop |
| 17:41 | BABA YAGA00 · wall_segment Stone Wall x18 |
| 18:05 | BABA YAGA00 · wall_segment Stone Wall x8 |
| 18:21 | Ilyus_Cesar · wall_segment Stone Wall x29 |
| 18:25 | *****Noob9991 · first_building Stable |
| 18:25 | Ilyus_Cesar · wall_segment Stone Wall x3 |
| 18:31 | BABA YAGA00 · wall_segment Stone Wall x5 |
| 18:37 | TheseGuys108 · first_building Castle |
| 18:38 | BABA YAGA00 · wall_segment Stone Wall x7 |
| 18:38 | Ilyus_Cesar · wall_segment Stone Wall x28 |
| 18:46 | Ilyus_Cesar · wall_segment Stone Wall x21 |
| 19:04 | TheseGuys108 · first_market_buy 500 stone |
| 19:12 | BrawnyTerror89 · first_building Siege Workshop |
| 19:47 | Gameon20166569 · wall_segment Stone Wall x12 |
| 20:13 | Gameon20166569 · wall_segment Stone Wall x63 |
| 20:16 | Gameon20166569 · wall_segment Stone Wall x1 |
| 22:46 | su.li18 · wall_segment Stone Wall x49 |
| 23:29 | su.li18 · wall_segment Stone Wall x7 |
| 23:37 | su.li18 · first_building Castle |
| 23:56 | TheseGuys108 · first_building Stable |
| 24:44 | TheseGuys108 · first_building Siege Workshop |
| 27:03 | su.li18 · first_building Siege Workshop |
| 27:55 | su.li18 · first_building Barracks |
| 27:58 | *****Noob9991 · first_market_buy 100 stone |
| 29:05 | CHUTER_96 · wall_segment Stone Wall x66 |
| 31:03 | Gameon20166569 · wall_segment Stone Wall x3 |
| 31:10 | Gameon20166569 · wall_segment Stone Wall x24 |
| 32:05 | *****Noob9991 · first_building Archery Range |
| 32:54 | BrawnyTerror89 · first_building Stable |
| 33:33 | CHUTER_96 · wall_segment Stone Wall x43 |
| 34:35 | CHUTER_96 · wall_segment Stone Wall x6 |
| 34:38 | Gameon20166569 · first_building Monastery |
| 34:48 | CHUTER_96 · wall_segment Stone Wall x2 |
| 35:05 | CHUTER_96 · wall_segment Stone Wall x10 |
| 37:26 | CHUTER_96 · wall_segment Stone Wall x2 |
| 37:41 | CHUTER_96 · wall_segment Stone Wall x19 |
| 40:12 | *****Noob9991 · wall_segment Stone Wall x18 |
| 40:12 | CHUTER_96 · wall_segment Stone Wall x11 |
[ AI ANALYSIS · 1 CREDIT ]
What really happened in this match?
Wolo.gg analyzes every decision: build order, eco, micro, common mistakes by bracket. Personalized analysis on WhatsApp or Discord in 30 seconds.
Civ guide
Tatars
Map guide
Michi
Perfil
BABA YAGA00